 Dungeon Sprint DCSS version 0.30-a0-778-g2ef04afb54 (webtiles) character file.

Game seed: 17520374567636589373

46 Turgor the Caller (level 3, -2/14 HPs)
             Began as a Felid Summoner on Feb 15, 2023.
             Was an Initiate of Jiyva.
             Slain by a vampire mage (3 damage)
             ... in the Dungeon (Sprint V: "Ziggurat Sprint").
             The game lasted 00:03:17 (86 turns).

Turgor the Caller (Felid Summoner)                    Turns: 86, Time: 00:03:17

Health: -2/14      AC:  1    Str:  4    XL:     3   Next: 44%
Magic:  4/7        EV: 18    Int: 18    God:    Jiyva [......]
Gold:   0          SH:  0    Dex: 16    Spells: 6/7 levels left
                                        Lives:  0   Deaths: 0

rFire   + . .      SeeInvis +      - Unarmed
rCold   + . .      Faith    .    (shield unavailable)
rNeg    . . .      Spirit   .    (body armour unavailable)
rPois   +          Reflect  .    (helmet unavailable)
rElec   +          Harm     .    (cloak unavailable)
rCorr   +          Rampage  .    (gloves unavailable)
Will    .....      NoTele   +    (boots unavailable)
Stlth   ++                       (no amulet)
HPRegen 0.22/turn                (no ring)
MPRegen 0.10/turn                (no ring)

@: mighty, resistant, hasted, very quick
A: very small, claws 1, fangs 3, see invisible, speed 1, shaggy fur 1, stealthy
paws, no weapons or thrown items, no armour, multi-lived
a: Renounce Religion


You were in the Dungeon.
You worshipped Jiyva.
Jiyva was noncommittal.
You visited 1 branch

Inventory:

Jewellery
 s - a ring of flight
 t - a +6 ring of dexterity
 u - a +6 ring of dexterity
 v - a +6 ring of intelligence
 w - a +6 ring of intelligence
 x - a +6 ring of strength
 y - a +6 ring of strength
Wands
 p - a wand of mindburst (7)
 q - a wand of iceblast (7)
 r - a wand of acid (6)
Scrolls
 f - 4 scrolls of blinking
 l - 4 scrolls of amnesia
 m - 7 scrolls of fog
 n - 5 scrolls of identify
 o - 2 scrolls of fear
Potions
 a - 8 potions of magic
 b - 10 potions of curing
 c - 8 potions of heal wounds
 d - 5 potions of haste
 e - 3 potions of berserk rage
 g - 2 potions of brilliance
 h - 2 potions of invisibility
 i - 3 potions of resistance
 j - a potion of experience
 k - 4 potions of might
Miscellaneous
 z - a lightning rod (4/4)


   Skills:
 + Level 3.5 Dodging
 + Level 3.3 Stealth
 * Level 2.7 Unarmed Combat
 + Level 2.5 Spellcasting
 + Level 6.7 Summonings
 + Level 0.4 Evocations


You had 6 spell levels left.
You knew the following spells:

 Your Spells              Type           Power      Damage    Failure   Level
a - Summon Small Mammal   Summ           100%       N/A       1%          1

Your spell library contained the following spells:

 Spells                   Type           Power      Damage    Failure   Level
 Call Imp                 Summ           26%        N/A       1%          2
 Call Canine Familiar     Summ           26%        N/A       3%          3
 Summon Guardian Golem    Hex/Summ       14%        N/A       13%         3
 Summon Lightning Spire   Summ/Air       14%        N/A       38%         4


Dungeon Overview and Level Annotations

Branches:
Dungeon (1/1)

Altars:
Ashenzari
Cheibriados
Dithmenos
Elyvilon
Fedhas
Gozag
Hepliaklqana
Kikubaaqudgha
Makhleb
Nemelex Xobeh
Okawaru
Qazlal
Ru
Sif Muna
Trog
Uskayaw
Vehumet
Wu Jian
Xom
Yredelemnul
Zin
The Shining One
Jiyva
Lugonu

Annotations:
D 1 transporter


Innate Abilities, Weirdness & Mutations

You have sharp claws.
You have razor-sharp teeth.
You have supernaturally acute eyesight. (SInv)
You cover ground quickly. (Speed+)
You are covered in fur. (AC +1)
Your paws help you pounce on unaware monsters.
You are incapable of wielding weapons or throwing items.
You cannot wear armour.
You gain extra lives every three experience levels.


Message History

The small abomination is almost destroyed.
You scratch the small abomination.
You destroy the small abomination!
Your Dodging skill increases to level 3!
Your Stealth skill increases to level 3!
Your Unarmed Combat skill gained 2 levels and is now at level 2!
Your Summonings skill gained 2 levels and is now at level 6!
You have reached level 2!
You have reached level 3!
Your experience leads to an increase in your attributes!
Increase (S)trength, (I)ntelligence, or (D)exterity?
You feel clever. x2
You scratch the vampire mage.
The vampire mage is lightly damaged.
The vampire mage closely misses you. The vampire mage bites you!
Ouch! That really hurt!
The vampire mage draws strength from your injuries!
The raiju bursts into living lightning!
The living lightning misses you.
The raiju blinks! x2
You feel much better. The vampire mage misses you.
The vampire mage barely misses you. The raiju bites you!
Ouch! That really hurt!
The raiju shocks you. You resist.
You feel much better.
Okay, then.
Unknown command.
You closely miss the raiju.
The raiju is heavily wounded.
The vampire mage hits you!
Ouch! That really hurt!
The vampire mage barely misses you.
The raiju bursts into living lightning!
The living lightning misses you.
The raiju blinks!
You barely miss the raiju.
The raiju is heavily wounded.
The raiju bursts into living lightning!
The living lightning hits you. You resist.
* * * LOW HITPOINT WARNING * * *
The raiju blinks!
The vampire mage hits you.
You die...

▓▓▓▓▓▓▓▓▓▓▓▓▓
▓.8©8.▓.8©8.▓
▓.:}).▓.....▓
▓.....▓.)...▓
▓.....▓.....▓
▓.....▓.....▓
▓..hV.▓J.©J.▓
▓..@..▓▓▓▓▓▓▓
▓▓▓▓▓▓▓


You could see a vampire mage and a raiju (corroded).

Vanquished Creatures
  A small abomination (D)
1 creature vanquished.

Vanquished Creatures (others)
  A jorogumo (shapeshifter) (D)
  2 shining eyes (D)
  A moth of wrath (shapeshifter) (D)
  A water nymph (shapeshifter) (D)
5 creatures vanquished.

Grand Total: 6 creatures vanquished

Notes
Turn   | Place    | Note
-------+----------+-------------------------------------------
     0 | D        | Turgor the Felid Summoner began the quest for the Orb.
     0 | D        | Reached XP level 1. HP: 7/7 MP: 4/4
     0 | D        | Found a shimmering blue altar of Sif Muna.
     0 | D        | Found a bloodstained altar of Trog.
     0 | D        | Found a sacrificial altar of Ru.
     0 | D        | Found a stormy altar of Qazlal.
     0 | D        | Found an iron altar of Okawaru.
     1 | D        | Found a sparkling altar of Nemelex Xobeh.
     1 | D        | Found a blossoming altar of Fedhas.
     1 | D        | Found the +6 Majin-Bo {spellvamp, MP+6 Int+6}
     1 | D        | Found the +27 heavy crossbow "Sniper" {heavy, Acc+∞ SInv}
     1 | D        | Found the +10 dark maul {heavy}
     1 | D        | Found the +15 Maxwell's patent armour {-Cast -Tele rElec
                  | Will+ rCorr}
     1 | D        | Found the +18 shield of the Gong {Loud rN+ Will+ rCorr
                  | EV-5}
     1 | D        | Found the +16 obsidian axe {drain, demonic, Mesm Drain Fly
                  | SInv}
     1 | D        | Found the +7 great mace "Firestarter" {flame, inner flame,
                  | rFlCloud rF++}
     1 | D        | Found the +6 shillelagh "Devastator" {shatter}
     1 | D        | Found the +11 plutonium sword {Contam Stlth-}
     1 | D        | Found the +8 lance "Wyrmbane" {slay drac, rPois rF+ rC+
                  | AC+3}
     1 | D        | Found the +9 sword of Zonguldrok {reap}
     1 | D        | Found the +13 scythe of Curses {drain, curses, Drain}
     1 | D        | Found the +9 sword of Power {lifebolt}
     1 | D        | Found the +7 mace of Variability {chaos, chain chaos}
     1 | D        | Found the +11 Singing Sword {sonic wave}
     1 | D        | Found the +8 storm bow {elec, penet}
     3 | D        | Found a transporter.
     3 | D        | Found an ancient bone altar of Kikubaaqudgha.
     3 | D        | Found a viscous altar of Jiyva.
     3 | D        | Found a corrupted altar of Lugonu.
     3 | D        | Found a hazy altar of Hepliaklqana.
     3 | D        | Found a burning altar of Makhleb.
     3 | D        | Found an opulent altar of Gozag.
    49 | D        | Became a worshipper of Jiyva Jusu the Shapeless
    53 | D        | Killed a moth of wrath
    59 | D        | Killed a shining eye
    65 | D        | Killed a jorogumo
    69 | D        | Entered arena 2.
    69 | D        | Found a transporter.
    71 | D        | Killed a shining eye
    75 | D        | Entered arena 3.
    75 | D        | Noticed a small abomination
    75 | D        | Noticed a raiju
    75 | D        | Noticed a vampire mage
    75 | D        | Found a transporter.
    76 | D        | Killed a water nymph
    81 | D        | Killed a small abomination
    82 | D        | Reached skill level 6 in Summonings
    82 | D        | Reached XP level 2. HP: 11/11 MP: 4/6
    82 | D        | Reached XP level 3. HP: 14/14 MP: 4/7
    86 | D        | Slain by a vampire mage

Illustrated notes

Levels and vault maps discovered:
D:        sprint_v [room_start, room_1, room_2, room_3, room_4, room_5, room_6,
          room_7, room_8, room_9, room_10, room_11, room_12, room_13, room_14,
          room_15, room_16, room_17, room_18, room_19, room_20, room_21,
          room_22, room_23, room_24, room_25, room_26, room_27]

Skill      XL: |  1 |
---------------+----+-----
Dodging        | 3 |  3.5
Stealth        | 3 |  3.3
Unarmed Combat | 2 |  2.7
Summonings     | 6 |  6.7
Spellcasting   | |  2.5
Evocations     | |  0.4

Action                     || total
---------------------------++-------
  Melee: Unarmed           ||     5
  Evoke: Wand              ||     1
    Use: Potion            ||     5
  Dodge: Dodged            ||     6

Table legend: (Time is in decaauts)
 A = Elapsed time spent in this place.
 B = Non-inter-level travel time spent in this place.
 C = Inter-level travel time spent in this place.
 D = Time resting spent in this place.
 E = Time spent auto-exploring this place.
 F = Levels seen in this place.
 G = Mean time per level.
                   A        B        C        D        E       F      G
               +--------+--------+--------+--------+--------+-----+--------+
         Total |     69 |     69 |      0 |      0 |      0 |   1 |   69.0 |
       Dungeon |     69 |     69 |      0 |      0 |      0 |   1 |   69.0 |
               +--------+--------+--------+--------+--------+-----+--------+

Top non-repeatable levels by time:
       D: 69 daAuts
